 Dungeon Crawl Stone Soup version 0.16.1-2-g95b8d4c (webtiles) character file.

336 bladedpenguin the Grasshopper (level 6, -10/25 (30) HPs)
             Began as a Spriggan Warper on Mar 25, 2015.
             Mangled by an orc warrior
             ... wielding a +0 hand axe
              (19 damage)
             ... on level 6 of the Dungeon.
             The game lasted 00:40:08 (6969 turns).

bladedpenguin the Grasshopper (Spriggan Warper)     Turns: 6969, Time: 00:40:08

HP:   -10/25 (30)   AC:  2    Str:  7    XL:     6   Next: 28%
MP:   29/29         EV: 20    Int: 19    God:
Gold: 194           SH:  0    Dex: 17    Spells: 3 memorised, 7 levels left

rFire  . . .     SeeInvis +     a - +0 short sword
rCold  . . .     Clarity  .     b - +0 robe
rNeg   . . .     SustAb   .     (shield restricted)
rPois  .         Gourm    +     (helmet restricted)
rElec  .         Spirit   .     (no cloak)
rCorr  .         Warding  .     (gloves unavailable)
rMut   .         Stasis   .     (boots unavailable)
MR     +....                    y - amulet of the gourmand
Stlth  +++.......               t - +4 ring of intelligence (curse)
                                g - ring of magical power

@: very quick, somewhat resistant to hostile enchantments, fairly stealthy
A: unfitting armour, see invisible, herbivore 3, speed 3, slow metabolism 2
a: no special abilities


You were on level 6 of the Dungeon.
You were not hungry.

You visited 2 branches of the dungeon, and saw 7 of its levels.

You collected 194 gold pieces.

Inventory:

Hand weapons
 a - a +0 short sword (weapon)
 D - a +0 short sword
Missiles
 e - 4 tomahawks of dispersal
 u - 2 tomahawks (quivered)
 C - 16 poisoned needles
Armour
 b - a +0 robe (worn)
Jewellery
 g - a ring of magical power (left hand)
 t - a cursed +4 ring of intelligence (right hand)
 v - an uncursed amulet of clarity
 y - an amulet of the gourmand (around neck)
Scrolls
 d - 2 scrolls of blinking
 j - 5 scrolls of identify
 k - a scroll of remove curse
 m - 3 scrolls of fog
 n - 2 scrolls of recharging {unknown}
 o - 3 scrolls of noise {unknown}
 q - a scroll of enchant weapon {unknown}
 r - 2 scrolls of random uselessness {unknown}
 s - 2 scrolls of teleportation {unknown}
 x - a scroll of amnesia {unknown}
 A - a scroll of magic mapping {unknown}
 B - 2 scrolls of enchant armour {unknown}
Potions
 h - 2 potions of restore abilities
 i - 3 potions of curing
 l - a potion of haste
 p - 2 potions of brilliance {unknown}
 w - a potion of cancellation {unknown}
 z - a potion of heal wounds {unknown}
Books
 c - a book of Spatial Translocations

   Spells                             Type                      Level
   a - Apportation                    Translocation                1
   b - Blink                          Translocation                2
   c - Shroud of Golubria             Charms/Translocation         2
   d - Portal Projectile              Translocation                3
   e - Teleport Other                 Translocation                3
   f - Passage of Golubria            Translocation                4
Comestibles
 f - a bread ration


   Skills:
 + Level 1.9 Fighting
 + Level 3.4 Short Blades
 + Level 1.3 Throwing
 + Level 0.6 Armour
 + Level 5.1 Dodging
 + Level 2.7 Stealth
 + Level 4.2 Spellcasting
 + Level 2.0 Charms
 + Level 6.2 Translocations


You had 7 spell levels left.
You knew the following spells:

 Your Spells              Type           Power        Failure   Level  Hunger
a - Apportation           Tloc           ####......   1%          1    None
b - Shroud of Golubria    Chrm/Tloc      ###.......   4%          2    #......
c - Teleport Other        Tloc           ####....     3%          3    ###....


Dungeon Overview and Level Annotations

Branches:
Dungeon (6/15)             Temple (1/1) D:4

Altars:
Ashenzari
Cheibriados
Elyvilon
Fedhas
Gozag
Kikubaaqudgha
Makhleb
Nemelex Xobeh
Okawaru
Qazlal
Ru
Yredelemnul
Zin
The Shining One

Annotations:
D:3 Terence
D:4 GeneralIdiocy's ghost, average DsSk


Innate Abilities, Weirdness & Mutations

You are tiny and cannot use many weapons and most armour.
You have supernaturally acute eyesight.
You are a herbivore.
You cover ground extremely quickly.
You need consume almost no food.


Message History

Press: ? - help, Shift-Dir - straight line, f/p - orc warrior
Aim: an orc warrior, wielding a hand axe and wearing a plate armour (severely wounded)
You throw a tomahawk.
The tomahawk hits the orc warrior but does no damage.
The orc warrior is severely wounded.
Throwing (i - inventory. (,) - cycle):
u - 4 tomahawks (quivered)
Press: ? - help, Shift-Dir - straight line, f/p - orc warrior
Aim: an orc warrior, wielding a hand axe and wearing a plate armour (severely wounded)
You throw a tomahawk. The tomahawk hits the orc warrior.
The orc warrior is almost dead.
Your shroud unravels.
Throwing (i - inventory. (,) - cycle):
u - 3 tomahawks (quivered)
Press: ? - help, Shift-Dir - straight line, f/p - orc warrior
Aim: an orc warrior, wielding a hand axe and wearing a plate armour (almost dead)
You throw a tomahawk.
The tomahawk hits the orc warrior but does no damage.
The orc warrior is almost dead.
The orc warrior hits you with a hand axe!!
Ouch! That really hurt!
You die...

..............................##.
....#......(..).....o.........##S
.......#............##........##<
...o####........#.####........#..
....## #........#.#...(.........#
..#..###........#...##(.......#.#
.###.........##.....##.####.....#
.# #.........###........###..#...
.# #.........##.@.#..............
.# #.#########..#o.............#.
.# #.# ######..Z...(....###......
.# #.##........#.....#.####......
)# #......####...........(......#
[####......##...##...#..(######..
................##...##....####.#
................................#
............##...$$....###....##.


You could see an orc warrior and a giant frog skeleton.

Vanquished Creatures
  A scorpion (D:6)
  A crimson imp (D:5)
  A hound (D:5)
  An iguana (D:6)
  A worker ant (D:5)
  A worker ant zombie (D:5)
  5 adders
  A giant mite (D:4)
  4 worms
  An ooze (D:2)
  7 orcs
  2 ball pythons
  11 bats
  8 giant cockroaches
  12 goblins
  9 hobgoblins
  2 jackals (D:2)
  3 quokkas
  A giant newt (D:1)
  9 kobolds
  A quokka skeleton (D:4)
  8 rats
90 creatures vanquished.

Notes
Turn   | Place    | Note
--------------------------------------------------------------
     0 | D:1      | bladedpenguin, the Spriggan Warper, began the quest for the Orb.
     0 | D:1      | Reached XP level 1. HP: 10/10 MP: 4/4
   244 | D:1      | Reached XP level 2. HP: 5/14 MP: 7/7
   248 | D:1      | Learned a level 2 spell: Shroud of Golubria
   975 | D:1      | Reached skill level 5 in Translocations
  1328 | D:2      | Reached XP level 3. HP: 18/18 MP: 10/10
  1453 | D:2      | Reached skill level 1 in Stealth
  1711 | D:2      | Learned a level 3 spell: Teleport Other
  2162 | D:2      | Reached XP level 4. HP: 17/22 MP: 13/13
  2384 | D:2      | Reached skill level 1 in Charms
  2936 | D:3      | Found an opulent altar of Gozag.
  3040 | D:3      | Found an ancient bone altar of Kikubaaqudgha.
  3484 | D:3      | Found a burning altar of Makhleb.
  3484 | D:3      | Noticed a cacodemon
  3487 | D:3      | Found a glowing silver altar of Zin.
  3487 | D:3      | Noticed an angel
  3548 | D:3      | Noticed Terence
  3763 | D:4      | Noticed GeneralIdiocy's ghost (average DsSk)
  3947 | D:4      | Found a staircase to the Ecumenical Temple.
  3996 | D:4      | Found a stormy altar of Qazlal.
  4008 | D:4      | Reached XP level 5. HP: 26/26 MP: 16/16
  4484 | D:4      | Found a shattered altar of Ashenzari.
  4749 | D:5      | Entered Level 5 of the Dungeon
  4780 | D:5      | Found a sparkling altar of Nemelex Xobeh.
  4784 | D:5      | Noticed a necrophage
  4858 | Temple   | Entered the Ecumenical Temple
  5236 | D:5      | Found a snail-covered altar of Cheibriados.
  5470 | D:5      | Reached skill level 6 in Translocations
  5793 | D:4      | Found a glowing golden altar of the Shining One.
  6115 | D:6      | Reached skill level 5 in Dodging
  6115 | D:6      | Reached XP level 6. HP: 14/25 MP: 20/20
  6121 | D:6      | Found a basalt altar of Yredelemnul.
  6132 | D:6      | Noticed an ice beast
  6561 | D:6      | Noticed an orc warrior
  6969 | D:6      | Mangled by an orc warrior

Action                   |  1- 3 |  4- 6 || total
-------------------------+-------+-------++-------
Melee: Short sword       |   181 |   342 ||   523
Throw: Tomahawk          |       |    24 ||    24
 Cast: Shroud of Golubri |    24 |    47 ||    71
       Teleport Other    |       |     6 ||     6
  Use: Potion            |     3 |     4 ||     7
       Scroll            |     2 |     1 ||     3
 Stab: Sleeping          |     1 |     9 ||    10
  Eat: Fruit             |     1 |     3 ||     4
       Bread ration      |       |     1 ||     1
